 Dungeon Crawl Stone Soup version 0.31-a0-43-g46d131a48f (webtiles) character file.

Game seed: 1055611154392499969

2878 Drazool the Basher (level 9, -3/68 HPs)
             Began as a Demonspawn Fighter on May 18, 2023.
             Was an Elder of Makhleb.
             Slain by a centaur
             ... wielding a +0 falchion
              (6 damage)
             ... on level 8 of the Dungeon.
             The game lasted 00:18:13 (7210 turns).

Drazool the Basher (Demonspawn Fighter)             Turns: 7210, Time: 00:18:14

Health: -3/68      AC: 11    Str: 22    XL:     9   Next: 48%
Magic:  12/12      EV:  9    Int:  9    God:    Makhleb [****..]
Gold:   303        SH:  8    Dex: 12    Spells: 6/8 levels left

rFire   . . .        H - +1 whip (vamp)
rCold   . . .        c - +0 buckler
rNeg    + . .        b - +0 scale mail
rPois   .            (helmet unavailable)
rElec   .            f - +0 cloak
rCorr   .            (no gloves)
SInv    +            D - +0 pair of boots
Will    .....        (no amulet) Stlth
                     N - ring of positive energy
HPRegen 0.31/turn    (no ring)
MPRegen 0.13/turn

%: no passive effects
@: no status effects
A: antennae 3, icy blue scales 2, condensation shield
a: Renounce Religion, Minor Destruction, Lesser Servant of Makhleb, Major
Destruction


You were on level 8 of the Dungeon.
You worshipped Makhleb.
Makhleb was greatly pleased with you.
You visited 1 branch of the dungeon, and saw 8 of its levels.

You collected 453 gold pieces.
You spent 150 gold pieces at shops.


Innate Abilities, Weirdness & Mutations

You have a pair of large antennae on your head. (SInv)
You are mostly covered in icy blue scales. (AC +3)
A meltable shield of frost defends you. (SH +4)


   Skills:
 - Level 5.0 Fighting
 + Level 9.8 Maces & Flails
 - Level 2.6 Armour
 - Level 2.6 Shields
 - Level 5.0 Translocations
 - Level 5.0 Invocations


You had 6 spell levels left.
You knew the following spells:

 Your Spells              Type           Power      Damage    Failure   Level
B - Blink                 Tloc           18%        N/A       26%         2

Your spell library contained the following spells:

 Spells                   Type           Power      Damage    Failure   Level
 Lesser Beckoning         Tloc           18%        N/A       26%         2
 Gell's Gravitas          Tloc           9%         N/A       45%         3
 Teleport Other           Tloc           9%         N/A       45%         3
 Momentum Strike          Conj/Tloc      8%         3d8       56%         2
 Foxfire                  Conj/Fire      0%         2x1d4     78%         1
 Freeze                   Ice            0%         1d3       78%         1
 Frozen Ramparts          Ice            0%         1d1       98%         3
 Summon Ice Beast         Ice/Summ       0%         N/A       100%        4
 Fireball                 Conj/Fire      0%         3d3       100%        5
 Plasma Beam              Fire/Air       0%         2x1d11    100%        6
 Starburst                Conj/Fire      0%         6d3       100%        6
 Polar Vortex             Ice            0%         N/A       100%        9

Inventory:

Hand Weapons
 a - a +0 flail
 l - a +0 whip of draining
 r - a +5 morningstar of venom
 x - a +0 great mace
 F - a +2 whip of electrocution
 H - a +1 vampiric whip (weapon)
Missiles
 i - 21 poisoned darts (quivered)
 k - 4 javelins
Armour
 b - a +0 scale mail (worn)
 c - a +0 buckler (worn)
 f - a +0 cloak (worn)
 D - a +0 pair of boots (worn)
Magical Staves
 w - a staff of conjuration {!a}
 G - a staff of air {!a}
Jewellery
 N - a ring of positive energy (left hand)
Wands
 m - a wand of iceblast (7)
 v - a wand of polymorph (8)
 y - a wand of flame (22)
 A - a wand of light (11)
 E - a wand of charming (8)
Scrolls
 g - a scroll of fog
 s - a scroll of enchant armour
 z - a scroll of noise
 B - a scroll of teleportation {@r2}
Potions
 d - 2 potions of might
 e - 3 potions of lignification {unknown}
 h - a potion of mutation {unknown}
 j - a potion of resistance {unknown}
 n - a potion of flight {unknown}
 o - 5 potions of curing {@q1}
 p - 3 potions of cancellation {unknown}
 q - a potion of berserk rage {unknown}
 t - 3 potions of heal wounds {@q2}
 u - 3 potions of haste {@q3}

Dungeon Overview and Level Annotations

Branches:
Dungeon (8/15)             Temple (0/1) D:4
   Lair: D:8-11

Altars:
Kikubaaqudgha
Makhleb
Okawaru
Qazlal
Ru
Sif Muna
Vehumet
Xom

Shops:
D:2 ! D:4

! #.#.#.........#
#.#
#.#.#.........#
#.#
#.#.#.........#
#.#
#...#oo........
#.#
###............
#.#
#.##...o.o.P.....
#.#####
........loo...⚑...
#......
...##o..Poc.P.....
####### #..
##....@o...... ..
#...Po.oo.... #
#............
#..P...P.....
#...P.P..P...
#.......)....
#............
......####...


You could see a wyvern (ally target), a centaur (ally target), a friendly orc
priest (summoned), 4 friendly orc wizards and 7 friendly orcs.


Message History

The centaur is moderately wounded.
The wyvern bites you!
* * * LOW HITPOINT WARNING * * *
The centaur hits you with a +0 falchion!
* * * LOW HITPOINT WARNING * * *
The centaur kicks you but does no damage.
You closely miss the centaur.
The centaur is moderately wounded.
You block the wyvern's attack.
The centaur hits you with a +0 falchion.
* * * LOW HITPOINT WARNING * * *
The centaur barely misses you.
You closely miss the centaur.
The centaur is moderately wounded.
The wyvern bites you!
* * * LOW HITPOINT WARNING * * *
The centaur closely misses you. You block the centaur's attack.
Unknown command.
As you read the scroll of summoning, it crumbles to dust.
Wisps of shadow whirl around you... The wyvern closely misses you.
The centaur hits you with a +0 falchion.
* * * LOW HITPOINT WARNING * * *
You block the centaur's attack.
Unknown command.
The wyvern barely misses your orc wizard.
The centaur hits you with a +0 falchion.
* * * LOW HITPOINT WARNING * * *
You block the centaur's attack. The wyvern bites your orc wizard!
The centaur hits you with a +0 falchion.
You die...

Skill      XL: |  1  2  3  4  5  6  7  8  9 |
---------------+----------------------------+-----
Maces & Flails | 2 3 4 5 7 8 9 |  9.8
Translocations | 1 5 |  5.0
Fighting       | 5 |  5.0
Invocations    | 4 5 |  5.0
Armour         | |  2.6
Shields        | |  2.6

Action                     |  1- 3 |  4- 6 |  7- 9 || total
---------------------------+-------+-------+-------++-------
  Melee: Flail             |   121 |   279 |       ||   400
         Morningstar       |       |       |   189 ||   189
         Whip              |       |       |    81 ||    81
  Throw: Javelin           |     3 |     9 |     1 ||    13
         Dart              |       |       |     9 ||     9
 Invoke: Minor Destruction |       |       |     2 ||     2
  Evoke: Wand              |       |     3 |       ||     3
    Use: Scroll            |     3 |     2 |     6 ||    11
         Potion            |       |     1 |       ||     1
 Armour: Scale mail        |    59 |   100 |   105 ||   264
  Dodge: Dodged            |    51 |    87 |    90 ||   228
  Block: Buckler           |    64 |   113 |   119 ||   296

Levels and vault maps discovered:
D:1:      amcnicky_arrival_double_pillar, layout_rooms, minmay_cut_off
D:2:      minmay_diamond_boxcup, layout_rooms, basic_altar,
          hellmonk_ecumenical_altar_blasted, serial_shops,
          nicolae_shop_tiny_statue_garden, glass_columns_a
D:3:      layout_loops_corners, nicolae_kikubaaqudgha_miasma_corner,
          hangedman_decor_clover_reticule, saegor_snake_ambush
D:4:      layout_cave_pods, mainiacjoe_overflow_six_doors_small,
          minmay_temple_entry_mini_moons, serial_shops,
          nicolae_shop_tiny_real_fake_doors, kennysheep_generic_room_11,
          uniq_blork_the_orc, uniq_natasha, uniq_robin
D:5:      layout_basic, marbit_many_paths, lemuel_round_altar, led_xom_imps,
          minmay_holes, chequers_avenue, nrook_loot_triangle,
          minmay_fountain_box, minmay_chambers_of_fives
D:6:      layout_gridville, mainiacjoe_overflow_brackets,
          chequers_serial_rivers_room_a, uniq_eustachio
D:7:      nicolae_BIG_FREAKIN_CUBE, layout_loops_ring, uniq_duvessa
D:8:      layout_basic, mainiacjoe_overflow_tiny_flanked,
          mainiacjoe_overflow_chevrons, mainiacjoe_overflow_small_starburst

Notes
Turn   | Place    | Note
-------+----------+-------------------------------------------
     0 | D:1      | Drazool the Demonspawn Fighter began the quest for the Orb.
     0 | D:1      | Reached XP level 1. HP: 18/18 MP: 1/1
    49 | D:1      | Reached skill level 2 in Maces & Flails
    97 | D:1      | Gained mutation: A meltable shield of frost defends you.
                  | (SH +4) [demonic ancestry]
    97 | D:1      | Reached XP level 2. HP: 23/24 MP: 2/2
   493 | D:2      | Found a burning altar of Makhleb.
   502 | D:2      | Became a worshipper of Makhleb the Destroyer
   523 | D:2      | Reached skill level 3 in Maces & Flails
   645 | D:2      | Found Huts's Distillery.
   712 | D:2      | Gained mutation: You are partially covered in icy blue
                  | scales. (AC +2) [demonic ancestry]
   712 | D:2      | Reached XP level 3. HP: 29/29 MP: 3/3
   972 | D:2      | Reached skill level 4 in Maces & Flails
   972 | D:2      | Gained mutation: You are mostly covered in icy blue scales.
                  | (AC +3) [demonic ancestry]
   972 | D:2      | Reached XP level 4. HP: 35/35 MP: 4/4
  1120 | D:2      | Found a faded altar of an unknown god.
  1293 | D:3      | Reached * piety under Makhleb
  1458 | D:3      | Gained mutation: You have a pair of small antennae on your
                  | head. [demonic ancestry]
  1458 | D:3      | Reached XP level 5. HP: 40/41 MP: 5/5
  1900 | D:3      | Reached skill level 5 in Maces & Flails
  1910 | D:3      | Reached ** piety under Makhleb
  1930 | D:3      | Got the Codex of Rime
  1962 | D:3      | Found an ancient bone altar of Kikubaaqudgha.
  2264 | D:4      | Found a staircase to the Ecumenical Temple.
  2275 | D:4      | Noticed Natasha
  2281 | D:4      | Killed Natasha
  2320 | D:4      | Found a stormy altar of Qazlal.
  2514 | D:4      | Noticed Robin
  2553 | D:4      | Killed Robin
  2658 | D:4      | Gained mutation: You have a pair of antennae on your head.
                  | [demonic ancestry]
  2658 | D:4      | Reached XP level 6. HP: 38/47 MP: 6/6
  2807 | D:4      | Reached skill level 6 in Maces & Flails
  2826 | D:4      | Found Oridujef's Distillery.
  2834 | D:4      | Bought a potion of heal wounds for 50 gold pieces
  2834 | D:4      | Bought a potion of haste for 100 gold pieces
  2843 | D:4      | Noticed Natasha
  2855 | D:4      | Killed Natasha
  2933 | D:4      | Noticed Blork the orc
  3069 | D:4      | Killed Blork the orc
  3366 | D:5      | Entered Level 5 of the Dungeon
  3509 | D:5      | Reached skill level 7 in Maces & Flails
  3509 | D:5      | Gained mutation: You have a pair of large antennae on your
                  | head. (SInv) [demonic ancestry]
  3509 | D:5      | Reached XP level 7. HP: 43/52 MP: 7/7
  3577 | D:5      | Identified a scroll of acquirement
  3578 | D:5      | Acquired a +5 morningstar of venom
  3655 | D:5      | Found a shimmering altar of Xom.
  3728 | D:5      | Reached *** piety under Makhleb
  3741 | D:5      | Reached skill level 8 in Maces & Flails
  3914 | D:5      | Found a shimmering blue altar of Sif Muna.
  3988 | D:5      | Learned a level 2 spell: Blink
  4174 | D:5      | Reached skill level 1 in Translocations
  4315 | D:6      | Reached XP level 8. HP: 60/60 MP: 8/8
  4355 | D:6      | Reached skill level 2 in Translocations
  4388 | D:6      | Noticed Eustachio
  4395 | D:6      | Killed Eustachio
  4396 | D:6      | Reached skill level 4 in Fighting
  4549 | D:6      | Reached skill level 3 in Translocations
  4656 | D:6      | Reached skill level 5 in Fighting
  4818 | D:6      | Reached skill level 4 in Translocations
  5271 | D:6      | Reached skill level 5 in Translocations
  5368 | D:6      | Found an iron altar of Okawaru.
  5422 | D:6      | Reached skill level 2 in Invocations
  5608 | D:6      | Reached skill level 3 in Invocations
  5861 | D:7      | Noticed Duvessa
  5862 | D:7      | Noticed Dowan
  5884 | D:7      | Killed Duvessa
  5885 | D:7      | Reached skill level 4 in Invocations
  5885 | D:7      | Reached XP level 9. HP: 61/68 MP: 10/12
  5888 | D:7      | Reached skill level 5 in Invocations
  6040 | D:7      | Killed Dowan
  6146 | D:7      | Reached skill level 9 in Maces & Flails
  6442 | D:7      | Reached **** piety under Makhleb
  7053 | D:8      | Found a burning altar of Makhleb.
  7085 | D:8      | Found a sacrificial altar of Ru.
  7179 | D:8      | Found a radiant altar of Vehumet.
  7209 | D:8      | HP: 5/68 [centaur/+0 falchion (3)]
  7210 | D:8      | Slain by a centaur

Vanquished Creatures
  A wyvern (D:7)
  Eustachio (D:6)
  Duvessa (D:7)
  A black bear (D:5)
  2 ice beasts
  An ogre (D:6)
  4 centaurs
  A phantom (D:5)
  2 kobold brigands
  Blork the orc (D:4)
  A gnoll sergeant (D:8)
  2 bullfrogs (D:7)
  A scorpion (D:6)
  Dowan (D:7)
  A howler monkey (D:6)
  4 crimson imps (D:5)
  4 jellies
  An orc priest (D:6)
  6 hounds
  A gnoll bouda (D:5)
  3 sleepcaps
  4 iguanas
  4 orc wizards
  Natasha (twice) (D:4)
  Robin (D:4)
  8 gnolls
  10 adders
  3 shadow imps
  2 white imps
  A worm (D:2)
  3 dart slugs
  18 orcs
  12 ball pythons
  6 bats
  7 endoplasms
  8 giant cockroaches
  16 goblins
  12 hobgoblins
  5 jackals
  21 kobolds
  3 quokkas
  9 frilled lizards
  2 rats
197 creatures vanquished.

Table legend: (Time is in decaauts)
 A = Elapsed time spent in this place.
 B = Non-inter-level travel time spent in this place.
 C = Inter-level travel time spent in this place.
 D = Time resting spent in this place.
 E = Time spent auto-exploring this place.
 F = Levels seen in this place.
 G = Mean time per level.
                   A        B        C        D        E       F      G
               +--------+--------+--------+--------+--------+-----+--------+
         Total |   7328 |   7108 |    220 |    228 |   5255 |   8 |  916.0 |
       Dungeon |   7328 |   7108 |    220 |    228 |   5255 |   8 |  916.0 |
               +--------+--------+--------+--------+--------+-----+--------+

Top non-repeatable levels by time:
     D:6: 1607 daAuts
     D:4: 1140 daAuts
     D:3: 1069 daAuts
     D:5: 951 daAuts
     D:7: 815 daAuts
     D:2: 707 daAuts
     D:1: 570 daAuts
     D:8: 466 daAuts

Table legend:
 A = Non-vault XP
 B = Vault XP
 C = Vault XP percentage of total XP
 D = Non-vault monster count
 E = Vault monster count
 F = Vault count percentage of total count
                 A         B        C        D         E       F
            +---------+---------+-------+---------+---------+-------
      Total |    3175 |     937 |  22.8 |     153 |      44 |  22.3
            +---------+---------+-------+---------+---------+-------
        D:1 |      17 |       8 |  32.0 |      11 |       3 |  21.4
        D:2 |      75 |      23 |  23.5 |      21 |       8 |  27.6
        D:3 |     114 |       7 |   5.8 |      28 |       5 |  15.2
        D:4 |     166 |     165 |  49.8 |      22 |      15 |  40.5
        D:5 |     429 |     331 |  43.6 |      15 |      10 |  40.0
        D:6 |    1144 |     191 |  14.3 |      25 |       1 |   3.8
        D:7 |     963 |     212 |  18.0 |      17 |       2 |  10.5
        D:8 |     267 |       0 |   0.0 |      14 |       0 |   0.0
            +---------+---------+-------+---------+---------+-------
